 Dungeon Crawl Stone Soup version 0.28.0-1-gb440e238dd (webtiles) character file.

Game seed: 5295733842426569807

550 Ablot the Grasshopper (level 7, -8/56 HPs)
             Began as a Gnoll Warper on Feb 24, 2022.
             Was an Initiate of Okawaru.
             Mangled by a two-headed ogre (9 damage)
             ... on level 4 of the Dungeon.
             The game lasted 00:07:37 (4027 turns).

Ablot the Grasshopper (Gnoll Warper)                Turns: 4027, Time: 00:07:38

Health: -8/56      AC:  8    Str: 12    XL:     7   Next: 29%
Magic:  11/15      EV: 12    Int: 12    God:    Okawaru [......]
Gold:   147        SH:  0    Dex: 12    Spells: 15/17 levels left

rFire   . . .      SeeInvis +   r - +0 quick blade
rCold   . . .      Faith    .   (no shield)
rNeg    . . .      Spirit   .   p - +0 ring mail of Activism {Rampage rPois SInv}
rPois   +          Reflect  .   i - +0 helmet
rElec   .          Harm     .   (no cloak)
rCorr   .          Rampage  +   (no gloves)
Will    +....                   o - +0 pair of boots
Stlth   +.........              k - amulet of regeneration
HPRegen 0.98/turn               j - ring of willpower
MPRegen 0.14/turn               (no ring)

@: on blink cooldown
A: fangs 1, strong nose, distributed training
a: Renounce Religion


You were on level 4 of the Dungeon.
You worshipped Okawaru.
Okawaru was noncommittal.
You visited 2 branches of the dungeon, and saw 5 of its levels.
You also visited: Sewer.

You collected 147 gold pieces.

Inventory:

Hand Weapons
 a - a +0 trident
 r - a +0 quick blade (weapon)
Missiles
 d - 5 boomerangs of dispersal (quivered)
 e - 66 arrows
 f - 86 stones
 n - 24 bolts
 s - 5 boomerangs
Armour
 i - a +0 helmet (worn)
 o - a +0 pair of boots (worn)
 p - the +0 ring mail of Activism (worn) {Rampage rPois SInv}
   (You found it on level 2 of the Dungeon)

   rPois:     It protects you from poison.
   SInv:      It lets you see invisible.
   Rampage:   It bestows one free step when moving towards enemies.
Magical Staves
 u - a staff of conjuration
Jewellery
 j - a ring of willpower (left hand)
 k - an amulet of regeneration (around neck)
Wands
 t - a wand of polymorph (4)
 B - a wand of acid (6)
Scrolls
 b - a scroll of fog {unknown}
 c - 3 scrolls of blinking
 g - 4 scrolls of identify {unknown}
 l - 4 scrolls of teleportation {unknown}
 m - a scroll of enchant armour {unknown}
 q - a scroll of torment {unknown}
 v - a scroll of amnesia {unknown}
 y - a scroll of fear {unknown}
Potions
 h - 2 potions of curing {unknown}
 w - 2 potions of heal wounds {unknown}
 x - a potion of cancellation {unknown}
 z - a potion of might {unknown}
 A - a potion of haste {unknown}


   Skills:
 + Level 5.2 Fighting
 + Level 2.3 Short Blades
 + Level 2.3 Long Blades
 + Level 2.3 Axes
 + Level 2.3 Maces & Flails
 + Level 5.2 Polearms
 + Level 2.3 Staves
 + Level 2.3 Slings
 + Level 2.3 Bows
 + Level 2.3 Crossbows
 + Level 3.5 Throwing
 + Level 3.5 Armour
 + Level 5.2 Dodging
 + Level 2.3 Stealth
 + Level 2.3 Shields
 + Level 2.3 Unarmed Combat
 + Level 5.5 Spellcasting
 + Level 1.9 Conjurations
 + Level 1.9 Hexes
 + Level 1.9 Summonings
 + Level 1.9 Necromancy
 + Level 5.8 Translocations
 + Level 1.9 Transmutations
 + Level 1.9 Fire Magic
 + Level 1.9 Ice Magic
 + Level 1.9 Air Magic
 + Level 1.9 Earth Magic
 + Level 1.9 Poison Magic
 + Level 2.6 Invocations
 + Level 2.3 Evocations


You had 15 spell levels left.
You knew the following spells:

 Your Spells              Type           Power      Damage    Failure   Level
a - Blink                 Tloc           34%        N/A       5%          2

Your spell library contained the following spells:

 Spells                   Type           Power      Damage    Failure   Level
 Gell's Gravitas          Tloc           17%        N/A       11%         3
 Lesser Beckoning         Tloc           17%        N/A       11%         3
 Teleport Other           Tloc           17%        N/A       11%         3
 Manifold Assault         Tloc           17%        N/A       71%         5


Dungeon Overview and Level Annotations

Branches:
Dungeon (4/15)             Temple (1/1) D:4           Sewer (visited)

Altars:
Cheibriados
Dithmenos
Elyvilon
Fedhas
Gozag
Hepliaklqana
Kikubaaqudgha
Makhleb
Nemelex Xobeh
Okawaru
Qazlal
Ru
Sif Muna
Trog
Uskayaw
Vehumet
Wu Jian
Xom
Yredelemnul
Zin
The Shining One


Innate Abilities, Weirdness & Mutations

You have very sharp teeth.
Your uncanny sense of smell can sniff out nearby items.
Your experience applies equally to all skills.


Message History

A two-headed ogre is nearby!
Aiming: Corrosive Bolt
Press: ? - help, Shift-Dir - straight line, f/p - two-headed ogre
Aim: a two-headed ogre, wielding two +0 giant clubs (moderately wounded, 86% to hit)
The bolt of acid misses the two-headed ogre.
You barely miss the two-headed ogre.
The two-headed ogre is moderately wounded.
You hit the two-headed ogre but do no damage.
The two-headed ogre is moderately wounded.
The two-headed ogre closely misses you. The two-headed ogre barely misses you.
You completely miss the two-headed ogre.
The two-headed ogre is moderately wounded.
You hit the two-headed ogre.
The two-headed ogre is moderately wounded.
You feel stable enough to blink again. The two-headed ogre misses you.
The two-headed ogre hits you with a +0 giant club!
You hit the two-headed ogre.
The two-headed ogre is heavily wounded.
Casting: Blink (safe; 5% risk of failure)
Confirm with . or Enter, or press ? or * to list all spells.
You blink.
Aiming: Corrosive Bolt
Press: ? - help, Shift-Dir - straight line, f/p - two-headed ogre
Aim: a two-headed ogre, wielding two +0 giant clubs (moderately wounded, 86% to hit)
The bolt of acid hits the two-headed ogre!
The two-headed ogre is severely wounded.
You hit the two-headed ogre but do no damage.
Your bite misses the two-headed ogre.
The two-headed ogre is severely wounded.
The two-headed ogre hits you with a +0 giant club.
The two-headed ogre closely misses you.
You hit the two-headed ogre.
The two-headed ogre is severely wounded.
You hit the two-headed ogre.
The two-headed ogre is severely wounded.
The two-headed ogre hits you with a +0 giant club!!
* * * LOW HITPOINT WARNING * * *
The two-headed ogre hits you with a +0 giant club!
You die...

)....#.. #........#
#.#####. ######..
#........# #.. #. ...
. #........# ##. #.
### .. #........# . #.
... #........#### #.
#. .... ####.#..##..
...
.....####.##.##.##....
.......#.........#...
∆ #....@)........ ..
###..O...⌠..#.# .#
###.........#.# .#. .
###......>......# ..[
#...#.........#.# #..
#)..#..⌠...⌠..#.# ##..
###...............#
#..>
#....##.........###
#... #....###.##.##.##
#####...


You could see a two-headed ogre.

Vanquished Creatures
  An ogre (D:4)
  2 bullfrogs (Sewer)
  A centaur skeleton (D:4)
  A bullfrog skeleton (D:3)
  10 adders
  7 river rats (Sewer)
  An adder skeleton (D:4)
  A worm (D:3)
  A dart slug (D:2)
  5 orcs (D:3)
  19 ball pythons
  10 endoplasms
  3 giant cockroaches
  6 goblins
  6 hobgoblins
  6 jackals
  10 kobolds
  2 quokkas (D:3)
  5 bats
  9 frilled lizards
  31 rats
137 creatures vanquished.

Notes
Turn   | Place    | Note
-------+----------+-------------------------------------------
     0 | D:1      | Ablot the Gnoll Warper began the quest for the Orb.
     0 | D:1      | Reached XP level 1. HP: 20/20 MP: 6/6
   325 | D:1      | Reached XP level 2. HP: 22/26 MP: 7/7
   333 | D:1      | Learned a level 2 spell: Blink
   501 | D:1      | Found a faded altar of an unknown god.
   850 | D:2      | Reached XP level 3. HP: 31/31 MP: 9/9
   859 | D:2      | Reached skill level 5 in Spellcasting
   874 | D:2      | Reached skill level 1 in Invocations
  1126 | D:2      | Reached skill level 1 in Short Blades
  1126 | D:2      | Reached skill level 1 in Long Blades
  1126 | D:2      | Reached skill level 1 in Axes
  1126 | D:2      | Reached skill level 1 in Maces & Flails
  1126 | D:2      | Reached skill level 1 in Staves
  1126 | D:2      | Reached skill level 1 in Slings
  1126 | D:2      | Reached skill level 1 in Bows
  1126 | D:2      | Reached skill level 1 in Crossbows
  1126 | D:2      | Reached skill level 1 in Stealth
  1126 | D:2      | Reached skill level 1 in Shields
  1126 | D:2      | Reached skill level 1 in Unarmed Combat
  1126 | D:2      | Reached skill level 1 in Evocations
  1141 | D:2      | Identified the +0 ring mail of Activism {Rampage rPois
                  | SInv}
  1173 | D:2      | Found a hazy altar of Hepliaklqana.
  1178 | D:2      | Reached XP level 4. HP: 38/38 MP: 11/11
  1511 | D:3      | Reached skill level 1 in Conjurations
  1511 | D:3      | Reached skill level 1 in Hexes
  1511 | D:3      | Reached skill level 1 in Summonings
  1511 | D:3      | Reached skill level 1 in Necromancy
  1511 | D:3      | Reached skill level 1 in Transmutations
  1511 | D:3      | Reached skill level 1 in Fire Magic
  1511 | D:3      | Reached skill level 1 in Ice Magic
  1511 | D:3      | Reached skill level 1 in Air Magic
  1511 | D:3      | Reached skill level 1 in Earth Magic
  1511 | D:3      | Reached skill level 1 in Poison Magic
  1543 | D:3      | Reached XP level 5. HP: 18/43 MP: 12/12
  2194 | D:4      | Found a glowing drain.
  2222 | Sewer    | Entered a sewer
  2480 | Sewer    | Reached XP level 6. HP: 30/50 MP: 13/13
  2761 | Sewer    | Reached skill level 5 in Fighting
  2761 | Sewer    | Reached skill level 5 in Polearms
  2761 | Sewer    | Reached skill level 5 in Dodging
  3018 | D:4      | Reached XP level 7. HP: 56/56 MP: 15/15
  3134 | D:4      | Found a staircase to the Ecumenical Temple.
  3159 | D:4      | Noticed a two-headed ogre
  3170 | Temple   | Entered the Ecumenical Temple
  3496 | Temple   | Became a worshipper of Warmaster Okawaru
  4027 | D:4      | HP: 1/56 [two-headed ogre (20)]
  4027 | D:4      | Mangled by a two-headed ogre

Illustrated notes

Levels and vault maps discovered:
D:1:      wander_arrival_estate, layout_rooms, basic_ecumenical_altar
D:2:      layout_rooms, basic_altar, minmay_heptomino_h4
D:3:      layout_rooms, kennysheep_nub
D:4:      layout_basic, minmay_temple_entry_large_hall,
          cheibrodos_sewer_entry_sluice
Temple:   mainiacjoe_temple_circle_huts

Skill      XL: |  1  2  3  4  5  6 |
---------------+-------------------+-----
Spellcasting   | 5 |  5.5
Invocations    | 1 2 |  2.6
Short Blades   | 1 2 |  2.3
Long Blades    | 1 2 |  2.3
Axes           | 1 2 |  2.3
Maces & Flails | 1 2 |  2.3
Staves         | 1 2 |  2.3
Slings         | 1 2 |  2.3
Bows           | 1 2 |  2.3
Crossbows      | 1 2 |  2.3
Stealth        | 1 2 |  2.3
Shields        | 1 2 |  2.3
Unarmed Combat | 1 2 |  2.3
Evocations     | 1 2 |  2.3
Conjurations   | 1 |  1.9
Hexes          | 1 |  1.9
Summonings     | 1 |  1.9
Necromancy     | 1 |  1.9
Transmutations | 1 |  1.9
Fire Magic     | 1 |  1.9
Ice Magic      | 1 |  1.9
Air Magic      | 1 |  1.9
Earth Magic    | 1 |  1.9
Poison Magic   | 1 |  1.9
Throwing       | 3 |  3.5
Armour         | 3 |  3.5
Fighting       | 5 |  5.2
Polearms       | 5 |  5.2
Dodging        | 5 |  5.2
Translocations | |  5.8

Action                   |  1- 3 |  4- 6 |  7- 9 || total
-------------------------+-------+-------+-------++-------
Melee: Spear             |    19 |       |       ||    19
       Bite              |     5 |    46 |     6 ||    57
       Trident           |    79 |       |       ||    79
       Punch             |     1 |    22 |     4 ||    27
       Quick blade       |     4 |   548 |    56 ||   608
 Cast: Blink             |       |       |     4 ||     4
Evoke: Wand              |       |       |     4 ||     4
Armor: Leather armour    |    26 |       |       ||    26
       Ring mail         |     1 |   200 |    16 ||   217
Dodge: Dodged            |    84 |   309 |    23 ||   416
